Workbook
Name \0: #REF!
Name \00: #REF!
Name \a: #REF!
Name \AA: [1]LIQUIDACION!#REF!
Name \b: [2]STRSUMM0!#REF!
Name \bb: [2]STRSUMM0!#REF!
Name \E: #REF!
Name \EE: #REF!
Name \G: #REF!
Name \k: '[3]7422CW00'!#REF!
Name \l: [4]STRSUMM0!#REF!
Name \M: #REF!
Name \ñ: '[5]7422CW00'!#REF!
Name \P: #REF!
Name \R: #REF!
Name \s: #REF!
Name \V: #REF!
Name \X: [0]!ERR
Name \Z: [0]!ERR
Name _________AFC1: [6]INV!$A$25:$D$28
Name _________AFC3: [6]INV!$F$25:$I$28
Name _________AFC5: [6]INV!$K$25:$N$28
Name _________BGC1: [6]INV!$A$5:$D$8
Name _________BGC3: [6]INV!$F$5:$I$8
Name _________BGC5: [6]INV!$K$5:$N$8
Name _________CAC1: [6]INV!$A$19:$D$22
Name _________CAC3: [6]INV!$F$19:$I$22
Name _________CAC5: [6]INV!$K$19:$N$22
Name _________PJ50: #REF!
Name _________SBC1: [6]INV!$A$12:$D$15
Name _________SBC3: [6]INV!$F$12:$I$15
Name _________SBC5: [6]INV!$K$12:$N$15
Name ________AFC1: [6]INV!$A$25:$D$28
Name ________AFC3: [6]INV!$F$25:$I$28
Name ________AFC5: [6]INV!$K$25:$N$28
Name ________BGC1: [6]INV!$A$5:$D$8
Name ________BGC3: [6]INV!$F$5:$I$8
Name ________BGC5: [6]INV!$K$5:$N$8
Name ________CAC1: [6]INV!$A$19:$D$22
Name ________CAC3: [6]INV!$F$19:$I$22
Name ________CAC5: [6]INV!$K$19:$N$22
Name ________MA2: #REF!
Name ________PJ50: #REF!
Name ________SBC1: [6]INV!$A$12:$D$15
Name ________SBC3: [6]INV!$F$12:$I$15
Name ________SBC5: [6]INV!$K$12:$N$15
Name _______AFC1: [6]INV!$A$25:$D$28
Name _______AFC3: [6]INV!$F$25:$I$28
Name _______AFC5: [6]INV!$K$25:$N$28
Name _______BGC1: [6]INV!$A$5:$D$8
Name _______BGC3: [6]INV!$F$5:$I$8
Name _______BGC5: [6]INV!$K$5:$N$8
Name _______CAC1: [6]INV!$A$19:$D$22
Name _______CAC3: [6]INV!$F$19:$I$22
Name _______CAC5: [6]INV!$K$19:$N$22
Name _______MA2: #REF!
Name _______PJ50: #REF!
Name _______SBC1: [6]INV!$A$12:$D$15
Name _______SBC3: [6]INV!$F$12:$I$15
Name _______SBC5: [6]INV!$K$12:$N$15

Sheet PRESUPUESTO OFICIAL (Entidad)
C3: Formulario 1 - Propuesta económica - Licitación de obra pública de infraestructura social
C4: Código | D4: CCE-EICP-FM-116
C6: PRESUPUESTO OFICIAL DEL FDLB
C7: OBJETO: EJECUCIÓN DE LAS OBRAS POR EL SISTEMA DE PRECIOS UNITARIOS FIJOS A MONTO AGOTABLE SIN FÓRMULA DE REAJUSTE PARA LA ADECUACION Y MANTENIMIENTO DE LA CASA DE PARTICIPACION EN LA LOCALIDAD DE BOSA | M7: VALORES OFERTADOS POR EL PROPONENTE
M8: NOMBRE DEL PROPONENTE
C9: Nº | D9: ÍTEM DE PAGO | E9: DESCRIPCIÓN | F9: UND. | G9: CANTIDAD | H9: VALOR UNITARIO | I9: VALOR TOTAL
M10: VALOR UNITARIO SIN AIU OFERTADO POR EL PROPONENTE | N10: VALOR UNITARIO SIN AIU (CORREGIDO) | O10: VALOR PARCIAL CORREGIDO | P10: VERIFICACIÓN
D11: 1 | E11: PRELIMINARES | M11: PRELIMINARES
C12: 13385 | D12: 1.001 | E12: Demolicion cielo raso falso+andamio+estruct.met | F12: M2 | G12: 1 | H12: =VLOOKUP(C12,Hoja1!$A$1:$D$12892,4,0) -> 68921.9 | I12: =H12*G12 -> 68921.9 | N12: =ROUND((M12),0) -> 0 | O12: =ROUND((G12*N12),0) -> 0 | P12: =IF(OR(O12<=0,O12>$I12),"ERROR","OK") -> ERROR
C13: 14139 | E13: Demolicion enchape de piso e=2cm | F13: M2 | G13: 1 | H13: =VLOOKUP(C13,Hoja1!$A$1:$D$12892,4,0) -> 9600.22 | I13: =H13*G13 -> 9600.22
C14: 16453 | E14: Demolición de acabados de piso, incluye retiro de escombros de acuerdo a las disposiciones técnicas vigentes | F14: M2 | G14: 1 | H14: =VLOOKUP(C14,Hoja1!$A$1:$D$12892,4,0) -> 8403.44 | I14: =H14*G14 -> 8403.44
C15: 16455 | E15: Demolición Muro mamposteria (e = >0.16m) Demolición de muros, incluye retiro de escombros de acuerdo a las disposiciones técnicas vigentes (PARA TABLEROS ELECTRICOS) | F15: M2 | G15: 1 | H15: =VLOOKUP(C15,Hoja1!$A$1:$D$12892,4,0) -> 37557.06 | I15: =H15*G15 -> 37557.06
C16: 13380 | E16: Desmonte de vidrio y/o espejo (Incluye trasiego y retiro) Auditorio | F16: M2 | G16: 1 | H16: =VLOOKUP(C16,Hoja1!$A$1:$D$12892,4,0) -> 5552.26 | I16: =H16*G16 -> 5552.26
C17: Subtotal | I17: =SUM(I12:I16) -> 130034.88 | M17: =SUM(M12:M16) -> 0 | O17: =SUM(O12:O12) -> 0 | P17: =IF(OR(O17<=0,O17>$M17,COUNTIF(P12:P12,"ERROR")>0),"ERROR","OK") -> ERROR
D18: 2 | E18: DESMONTES Y RETIROS | M18: DESMONTES Y RETIROS
C19: 13892 | D19: 2001 | E19: Desinstalacion de Flanche lamina galv. Desarrollo 0.25 cal 22+regata | F19: ML | G19: 1 | H19: =VLOOKUP(C19,Hoja1!$A$1:$D$12892,4,0) -> 6511.4 | I19: =H19*G19 -> 6511.4 | N19: =ROUND((M19),0) -> 0 | O19: =ROUND((G19*N19),0) -> 0 | P19: =IF(OR(O19<=0,O19>$I19),"ERROR","OK") -> ERROR
C20: 20 | D20: 2.002 | E20: Desmonte Marco y Puerta Metálica(carg+retir) | F20: UN | G20: 1 | H20: =VLOOKUP(C20,Hoja1!$A$1:$D$12892,4,0) -> 67883.01 | I20: =H20*G20 -> 67883.01 | N20: =ROUND((M20),0) -> 0 | O20: =ROUND((G20*N20),0) -> 0 | P20: =IF(OR(O20<=0,O20>$I20),"ERROR","OK") -> ERROR
C21: 14143 | E21: Desmonte de lavamanos (Incluye cargue y retiro) | F21: UN | G21: 1 | H21: =VLOOKUP(C21,Hoja1!$A$1:$D$12892,4,0) -> 29194 | I21: =H21*G21 -> 29194
C22: 12785 | E22: Desmonte divisiones metálicas (Incluye cargue y retiro) | F22: UN | G22: 1 | H22: =VLOOKUP(C22,Hoja1!$A$1:$D$12892,4,0) -> 34508.44 | I22: =H22*G22 -> 34508.44
C23: 12536 | E23: Desmonte Aparatos Sanitarios | F23: UN | G23: 1 | H23: =VLOOKUP(C23,Hoja1!$A$1:$D$12892,4,0) -> 33223.15 | I23: =H23*G23 -> 33223.15
C24: 11603 | E24: Desmonte de vidrio templado de 8mm para realizar cambio de piso en segundo piso (Desmonte de vidrio y/o espejo (Incluye trasiego y retiro) | F24: M2 | G24: 1 | H24: =VLOOKUP(C24,Hoja1!$A$1:$D$12892,4,0) -> 31943.04 | I24: =H24*G24 -> 31943.04
C25: 11300 | E25: Desmonte red eléctrica (Incluye retiro) | F25: ML | G25: 1 | H25: =VLOOKUP(C25,Hoja1!$A$1:$D$12892,4,0) -> 14062.8 | I25: =H25*G25 -> 14062.8
C26: 12537 | E26: Desmonte red eléctrica (Incluye retiro) | F26: ML | G26: 1 | H26: =VLOOKUP(C26,Hoja1!$A$1:$D$12892,4,0) -> 24970.96 | I26: =H26*G26 -> 24970.96
C27: 11037 | E27: Desmonte aparatos tipio push | F27: ML | G27: 1 | H27: =VLOOKUP(C27,Hoja1!$A$1:$D$12892,4,0) -> 4836.38 | I27: =H27*G27 -> 4836.38
C28: 11519 | E28: Desmonte y reinstalación de tomacorrientes (Incluye desmonte de tuberías, canaletas electricas cableado, aparatos) | F28: ML | G28: 1 | H28: =VLOOKUP(C28,Hoja1!$A$1:$D$12892,4,0) -> 10908.55 | I28: =H28*G28 -> 10908.55
C29: Subtotal | I29: =SUM(I19:I28) -> 258041.73 | M29: =SUM(M19:M28) -> 0 | O29: =SUM(O19:O26) -> 0 | P29: =IF(OR(O29<=0,O29>$M29,COUNTIF(P19:P26,"ERROR")>0),"ERROR","OK") -> ERROR
D30: 3 | E30: EXCAVACIONES CON RETIRO | M30: EXCAVACIONES CON RETIRO
C31: 12175 | D31: 3.001 | E31: Excavacion manual con retiro en recebo | F31: M3 | G31: 1 | H31: =VLOOKUP(C31,Hoja1!$A$1:$D$12892,4,0) -> 80914.99 | I31: =G31*H31 -> 80914.99 | N31: =ROUND((M31),0) -> 0 | O31: =ROUND((G31*N31),0) -> 0 | P31: =IF(OR(O31<=0,O31>$I31),"ERROR","OK") -> ERROR
C32: Subtotal | I32: =SUM(I31:I31) -> 80914.99 | M32: =SUM(M31:M31) -> 0 | O32: =SUM(O31:O31) -> 0 | P32: =IF(OR(O32<=0,O32>$M32,COUNTIF(P31:P31,"ERROR")>0),"ERROR","OK") -> ERROR
D33: 5 | E33: CUBIERTAS | M33: CUBIERTAS
C34: 10952 | D34: 3.004 | E34: Suministro e instalacion teja termAcustic Pint2cara poliu-spray | F34: M2 | G34: 1 | H34: =44337+44296 -> 88633 | I34: =G34*H34 -> 88633 | N34: =ROUND((M34),0) -> 0 | O34: =ROUND((G34*N34),0) -> 0 | P34: =IF(OR(O34<=0,O34>$I34),"ERROR","OK") -> ERROR
C35: 13155 | E35: SUMINISTRO E INSTALACION MARQUESINA ESTRUCTURA EN ALUMINIO CON TEJA TERMOACUSTICA | F35: M2 | G35: 1 | H35: =96043.21+44337 -> 140380.21 | I35: =G35*H35 -> 140380.21
C36: APU | D36: Inspeccion de cubierta y curacion de goteras en toda la superficie. Verificacionde translapo de tejas y cambio de empaques. Aplicación de sellantes para goteras | E36: Inspeccion de cubierta y curacion de goteras en toda la superficie. Verificacionde translapo de tejas y cambio de empaques. Aplicación de sellantes para goteras | F36: M2 | G36: 1 | H36: 16405.06 | I36: =G36*H36 -> 16405.06
C37: 13827 / 10930 | E37: Limpeza y aplicación de impermealizante viga canal | F37: ML | G37: 1 | H37: =15540+38498 -> 54038 | I37: =G37*H37 -> 54038
C38: 13545 | E38: Perforacion de viga canal para intalacion de gargolas de emergencia. Suministro e instalacion | F38: UN | G38: 1 | H38: =VLOOKUP(C38,Hoja1!$A$1:$D$12892,4,0) -> 56323.45 | I38: =G38*H38 -> 56323.45
C39: 10954 | E39: Suministro e instalacion Flanche lamina galv. Desarrollo 0.25 cal 22+regata | F39: ML | G39: 1 | H39: =VLOOKUP(C39,Hoja1!$A$1:$D$12892,4,0) -> 39570.19 | I39: =G39*H39 -> 39570.19
C40: Subtotal | I40: =SUM(I34:I39) -> 395349.91 | M40: =SUM(M34:P39) -> 0 | O40: =SUM(O34:O34) -> 0 | P40: =IF(OR(O40<=0,O40>$M40,COUNTIF(P34:P34,"ERROR")>0),"ERROR","OK") -> ERROR
D41: 7 | E41: MAMPOSTERIA | M41: MAMPOSTERIA
C42: 00191 | D42: 5.001 | E42: Resanes generales - pañetes/repellos/revoques | F42: M2 | G42: 1 | H42: 12301.9 | I42: =H42*G42 -> 12301.9
C43: Subtotal | I43: =SUM(I42) -> 12301.9 | M43: =SUM(M42) -> 0
D44: 7 | E44: PISOS | M44: PISOS
C45: 00933 | D45: 5.001 | E45: Suministro e instalacion de enchape tipo baldoza de alto trafico (ENCHAPE PISO DUROPISO 34x34 Corona) | F45: M2 | G45: 1 | H45: 83333.36 | I45: =H45*G45 -> 83333.36 | N45: =ROUND((M45),0) -> 0 | O45: =ROUND((G45*N45),0) -> 0 | P45: =IF(OR(O45<=0,O45>$I45),"ERROR","OK") -> ERROR
C46: 10079 | D46: 5.002 | E46: Suministro e instalacion de guardaescoba enchape tipo baldoza de alto trafico (Guardaescoba en baldosa alfa pulida y brillada) | F46: ML | G46: 1 | H46: =VLOOKUP(C46,Hoja1!$A$1:$D$12892,4,0) -> 37692.46 | I46: =H46*G46 -> 37692.46
C47: 20642 | D47: 5.002 | E47: ENCHAPE PARA PARED JAYA PLANA BLANCO 25 M2 | F47: ML | G47: 1 | H47: =VLOOKUP(C47,Hoja1!$A$1:$D$12892,4,0) -> 60998 | I47: =H47*G47 -> 60998 | N47: =ROUND((M47),0) -> 0 | O47: =ROUND((G47*N47),0) -> 0 | P47: =IF(OR(O47<=0,O47>$I47),"ERROR","OK") -> ERROR
C48: Subtotal | I48: =SUM(I45:I47) -> 182023.82 | M48: =SUM(M45:M47) -> 0 | O48: =SUM(O45:O47) -> 0 | P48: =IF(OR(O48<=0,O48>$M48,COUNTIF(P45:P47,"ERROR")>0),"ERROR","OK") -> ERROR
D49: 8 | E49: CIELO RASO | M49: CIELO RASO
C50: 1040 | D50: 5.004 | E50: Suministro e instalacion Cielo raso drywall 1/2(incluye pintura viniltex) | F50: M2 | G50: 1 | H50: =VLOOKUP(C50,Hoja1!$A$1:$D$12892,4,0) -> 60169.65 | I50: =H50*G50 -> 60169.65 | N50: =ROUND((M50),0) -> 0 | O50: =ROUND((G50*N50),0) -> 0 | P50: =IF(OR(O50<=0,O50>$I50),"ERROR","OK") -> ERROR
C51: Subtotal | I51: =SUM(I50) -> 60169.65 | M51: =SUM(M50:M50) -> 0 | O51: =SUM(O50) -> 0 | P51: =IF(OR(O51<=0,O51>$M51,COUNTIF(P50,"ERROR")>0),"ERROR","OK") -> ERROR
D52: 9 | E52: PINTURAS INTERIORES | M52: PINTURAS INTERIORES
C53: 10350 | D53: 6.001 | E53: Suministro e instalacion Pintura vinilo Tipo1( 3 manos sobre estuco) | F53: M2 | G53: 1 | H53: =VLOOKUP(C53,Hoja1!$A$1:$D$12892,4,0) -> 12351.15 | I53: =H53*G53 -> 12351.15 | N53: =ROUND((M53),0) -> 0 | O53: =ROUND((G53*N53),0) -> 0 | P53: =IF(OR(O53<=0,O53>$I53),"ERROR","OK") -> ERROR
C54: 16063 | D54: 6.003 | E54: Pintura vinilo tipo 1 cieloraso (3 manos) | F54: M2 | G54: 1 | H54: =VLOOKUP(C54,Hoja1!$A$1:$D$12892,4,0) -> 17709.82 | I54: =H54*G54 -> 17709.82 | N54: =ROUND((M54),0) -> 0 | O54: =ROUND((G54*N54),0) -> 0 | P54: =IF(OR(O54<=0,O54>$I54),"ERROR","OK") -> ERROR
C55: 13848 | D55: 6.004 | E55: Aplicación de pintura de poliuretano de alto trafico para suelo parqueadero (PINTURA POLIURETANO(Sum+Instalac)) | F55: ML | G55: 1 | H55: =VLOOKUP(C55,Hoja1!$A$1:$D$12892,4,0) -> 53022.58 | I55: =H55*G55 -> 53022.58 | N55: =ROUND((M55),0) -> 0 | O55: =ROUND((G55*N55),0) -> 0 | P55: =IF(OR(O55<=0,O55>$I55),"ERROR","OK") -> ERROR
C56: 628 | D56: 6.005 | E56: Pintura de barandas para la rampa (ESMALTE SOBRE LAMINA LINEAL) | F56: ML | G56: 1 | H56: =VLOOKUP(C56,Hoja1!$A$1:$D$12892,4,0) -> 4081.89 | I56: =H56*G56 -> 4081.89 | N56: =ROUND((M56),0) -> 0 | O56: =ROUND((G56*N56),0) -> 0 | P56: =IF(OR(O56<=0,O56>$I56),"ERROR","OK") -> ERROR
C57: Subtotal | I57: =SUM(I53:I56) -> 87165.44 | M57: =SUM(M53:M56) -> 0 | O57: =SUM(O53:O56) -> 0 | P57: =IF(OR(O57<=0,O57>$M57,COUNTIF(P53:P56,"ERROR")>0),"ERROR","OK") -> ERROR
D58: 10 | E58: IMPERMEABILIZACION MUROS | M58: IMPERMEABILIZACION MUROS
C59: 10225 | D59: 6.01 | E59: Pañete impermeab. muro 1:3 e=0.015 a> 0.60 ** | F59: M2 | G59: 1 | H59: 1571214.4 | I59: =H59*G59 -> 1571214.4 | N59: =ROUND((M59),0) -> 0 | O59: =ROUND((G59*N59),0) -> 0 | P59: =IF(OR(O59<=0,O59>$I59),"ERROR","OK") -> ERROR
C60: 10219 | D60: 6.011 | E60: Limpieza e impermebilización fachada Hmax=4.50m | F60: M2 | G60: 1 | H60: 235178.09 | I60: =H60*G60 -> 235178.09 | N60: =ROUND((M60),0) -> 0 | O60: =ROUND((G60*N60),0) -> 0 | P60: =IF(OR(O60<=0,O60>$I60),"ERROR","OK") -> ERROR
C61: Subtotal | I61: =SUM(I59:I60) -> 1806392.5 | M61: =SUM(M59:M60) -> 0 | O61: =SUM(O59:O60) -> 0 | P61: =IF(OR(O61<=0,O61>$M61,COUNTIF(P59:P60,"ERROR")>0),"ERROR","OK") -> ERROR
D62: 11 | E62: APARATOS SANITARIOS Y ACCESORIOS | M62: APARATOS SANITARIOS Y ACCESORIOS
C63: 13742 / 00392 | D63: 6.015 | E63: Suministro e instalacion de sanitario con sistema hidraulico de muro baño hombres y mujeres | F63: UND. | G63: 1 | H63: =56398.68+501938 -> 558336.68 | I63: =H63*G63 -> 558336.68 | N63: =ROUND((M63),0) -> 0 | O63: =ROUND((G63*N63),0) -> 0 | P63: =IF(OR(O63<=0,O63>$I63),"ERROR","OK") -> ERROR
C64: APU / M.O 11037 | D64: 7.015 | E64: Suministro e instalacion de Botón Antivandalico Push para Sanitario | F64: UND. | G64: 1 | H64: =109900+2336.51 -> 112236.51 | I64: =H64*G64 -> 112236.51
C65: Subtotal | I65: =SUM(I63:I64) -> 670573.19 | M65: =SUM(M63:M65) -> 0 | O65: =SUM(O63) -> 0 | P65: =IF(OR(O65<=0,O65>$M65,COUNTIF(P63,"ERROR")>0),"ERROR","OK") -> ERROR
D66: 11 | E66: REDES DE MEDIA Y BAJA TENSIÓN | M66: REDES DE MEDIA Y BAJA TENSIÓN
C67: 13137 | D67: 6.015 | E67: DESMONTE Y REINST.TABLERO ELECTRICO 12 CIRC. (REUBICAR CARA SALIDA DE TABLEROS CON UBICACION EXTERNA E INSTALAR PULSADORES) | F67: UND. | G67: 1 | H67: =VLOOKUP(C67,Hoja1!$A$1:$D$12892,4,0) -> 144383.94 | I67: =H67*G67 -> 144383.94 | N67: =ROUND((M67),0) -> 0 | O67: =ROUND((G67*N67),0) -> 0 | P67: =IF(OR(O67<=0,O67>$I67),"ERROR","OK") -> ERROR
C68: APU / MO 13137 | D68: 7.015 | E68: Suministro e instalación Pulsadores dobles para tablero | F68: UND. | G68: 1 | H68: 17500 | I68: =H68*G68 -> 17500
C69: Subtotal | I69: =SUM(I67:I68) -> 161883.94 | M69: =SUM(M67:M68) -> 0 | O69: =SUM(O67) -> 0 | P69: =IF(OR(O69<=0,O69>$M69,COUNTIF(P67,"ERROR")>0),"ERROR","OK") -> ERROR
D70: 12 | E70: CARPINTERIA, CERRADURAS Y PUERTAS METALICAS | M70: CARPINTERIA, CERRADURAS Y PUERTAS METALICAS
C71: 15056/MO | D71: 7.001 | E71: Puerta Lamina tablereada cal 18 0.80x2.00 + Esmal | F71: UN | G71: 1 | H71: 117367.96 | I71: =H71*G71 -> 117367.96 | N71: =ROUND((M71),0) -> 0 | O71: =ROUND((G71*N71),0) -> 0 | P71: =IF(OR(O71<=0,O71>$I71),"ERROR","OK") -> ERROR
C72: 608 | E72: Suministro e instalacion de nueva puerta de parqueadero de 3,91 X 2,25 con acceso peatonal. De 1 x 2,0 | F72: M2 | G72: 1 | H72: =VLOOKUP(C72,Hoja1!$A$1:$D$12892,4,0) -> 309701.64 | I72: =H72*G72 -> 309701.64
C73: 16059 | E73: Desmonte, Cargue y Retiro Puesto Trabajo (Oficina) | F73: UN | G73: 1 | H73: =VLOOKUP(C73,Hoja1!$A$1:$D$12892,4,0) -> 43468.28 | I73: =H73*G73 -> 43468.28
C74: 19167 | E74: Puerta Aglomerado Madera 30mm+Marco CR +montante | F74: M2 | G74: 1 | H74: =VLOOKUP(C74,Hoja1!$A$1:$D$12892,4,0) -> 533812.38 | I74: =H74*G74 -> 533812.38
C75: Subtotal | I75: =SUM(I71:I74) -> 1004350.3 | M75: =SUM(M71:M74) -> 0 | O75: =SUM(O71) -> 0 | P75: =IF(OR(O75<=0,O75>$M75,COUNTIF(P71,"ERROR")>0),"ERROR","OK") -> ERROR
D76: 13 | E76: ESTUCO Y CONSTRUCCION MUROS | M76: ESTUCO Y CONSTRUCCION MUROS
C77: 17229 | D77: 8.001 | E77: Estuco plastico tipo estuka acrilico | F77: M2 | G77: 1 | H77: =VLOOKUP(C77,Hoja1!$A$1:$D$12892,4,0) -> 15573.5 | I77: =H77*G77 -> 15573.5 | N77: =ROUND((M77),0) -> 0 | O77: =ROUND((G77*N77),0) -> 0 | P77: =IF(OR(O77<=0,O77>$I77),"ERROR","OK") -> ERROR
C78: 10652 | E78: Bloque #5 Tabique .12 (a=0.3) ** | F78: ML | G78: 1 | H78: =VLOOKUP(C78,Hoja1!$A$1:$D$12892,4,0) -> 24609.06 | I78: =H78*G78 -> 24609.06
C79: 10224 | E79: VigaCintaRemate 3000 psi reforzad secc<300 cm2 | F79: ML | G79: 1 | H79: =VLOOKUP(C79,Hoja1!$A$1:$D$12892,4,0) -> 94388.12 | I79: =H79*G79 -> 94388.12
C80: 13216 | E80: ESTUCO SOBRE PAÑETE+ ANDAMIO (Aplicación estuco plastico garantizar superficie lisa sin grumos y lijado completamente. A 4,5m de altura ) | F80: M2 | G80: 1 | H80: =VLOOKUP(C80,Hoja1!$A$1:$D$12892,4,0) -> 16732.94 | I80: =H80*G80 -> 16732.94
C81: Subtotal | I81: =SUM(I77:I80) -> 151303.62 | M81: =SUM(M77:M80) -> 0 | O81: =SUM(O77) -> 0 | P81: =IF(OR(O81<=0,O81>$M81,COUNTIF(P77,"ERROR")>0),"ERROR","OK") -> ERROR
D82: 13 | E82: REMODELACIÓN AUDITORIO | M82: REMODELACION AUDITORIO
C83: Estudio Mercado | D83: 8.001 | E83: Demolicion cielo raso falso+andamio+estruct.met (AUDITORIO) | F83: M2 | G83: 1 | H83: 55000 | I83: =H83*G83 -> 55000 | N83: =ROUND((M83),0) -> 0 | O83: =ROUND((G83*N83),0) -> 0 | P83: =IF(OR(O83<=0,O83>$I83),"ERROR","OK") -> ERROR
C84: Estudio Mercado | E84: Construccion de muro en Dry Wall a diferentes alturas según diseño. A una sola cara (MURO DRYWALL CON AISLAMIENTO ACUSTICO+PINT) | F84: M2 | G84: 1 | H84: 105000 | I84: =H84*G84 -> 105000
C85: Estudio Mercado | E85: Instalacion de cinta metalica y acabado a los filos de muro (FILOS Y DILATACIONES MURO - PLACA (MORTERO)) | F85: ML | G85: 1 | H85: 12852 | I85: =H85*G85 -> 12852
C86: Estudio Mercado | E86: Nueva construccion de dintel de tarima de 1M de alto a 3,18 m de altura en dry Wall con refuerzos a cerchas.(DINTEL PREFABRICADO) | F86: ML | G86: 1 | H86: 155000 | I86: =H86*G86 -> 155000
C87: Estudio Mercado | E87: Suministro e instalacion de techo en Dry wall de acuerdo a diseño, conformacion de paneles acusticos. Con instalacion de templetes rigidos y con inclinacion exacta para lograr la acustica. A 4,5m de altura (CIELO RASO DRYWALL 1/2(INCLUYE PINTURA VINILTEX) | F87: M2 | G87: 1 | H87: 143000 | I87: =H87*G87 -> 143000
C88: Estudio Mercado | E88: Traslado de puntos de iluminacion a nueva distribucion (SUMINISTRO E INSTALACION LUMINARIA LED PANEL SQ 40W NW 100-277V, 6500 K, MONTAJE DE INCRUSTAR, INCLUYE ACCESORIOS DE CONEXIÓN Y FIJACIÓN) | F88: ML | G88: 1 | H88: 164867 | I88: =H88*G88 -> 164867
C89: Estudio Mercado | E89: EN TECHO - PIEZA LINEAR - GRIS – AUTOADHESIVA – 1220.100.40mm (Espuma Techo ISINAC LINEAR 1220) INCLUYE ANDAMIOS | F89: ML | G89: 1 | H89: 149433 | I89: =H89*G89 -> 149433
C90: Estudio Mercado | E90: EN PARED - PIEZA LINEAR - GRIS – AUTOADHESIVA - 1220.100.40mm (Espuma Techo ISINAC LINE 1220.40.100 ADH) INCLUYE ANDAMIOS | F90: ML | G90: 1 | H90: 142800 | I90: =H90*G90 -> 142800
C91: Subtotal | I91: =SUM(I83:I90) -> 927952 | M91: =SUM(M83:M90) -> 0 | O91: =SUM(O83) -> 0 | P91: =IF(OR(O91<=0,O91>$M91,COUNTIF(P83,"ERROR")>0),"ERROR","OK") -> ERROR
D92: 14 | E92: COLUMNAS, VIGAS, PLACAS Y SUPERESTRUCTURA | M92: COLUMNAS, VIGAS, PLACAS Y SUPERESTRUCTURA
C93: 18372 | D93: 9.001 | E93: COLUMNETA CONFINA MAMP CONCRF'C 21MPA -.12x.10 CDR h=0,50 | F93: M2 | G93: 1 | H93: =VLOOKUP(C93,Hoja1!$A$1:$D$12892,4,0) -> 64522.76 | I93: =G93*H93 -> 64522.76 | N93: =ROUND((M93),0) -> 0 | O93: =ROUND((G93*N93),0) -> 0 | P93: =IF(OR(O93<=0,O93>$I93),"ERROR","OK") -> ERROR
C94: Subtotal | I94: =SUM(I93) -> 64522.76 | M94: =SUM(M93:M93) -> 0 | O94: =SUM(O93) -> 0 | P94: =IF(OR(O94<=0,O94>$M94,COUNTIF(P93,"ERROR")>0),"ERROR","OK") -> ERROR
C96: SUBTOTAL SUMATORIA COSTOS UNITARIOS OBRAS CIVILES (NO INCLUYE A.I.U) (Aplica unicamente para efectos de evaluación económica) | I96: =I17+I29+I32+I40+I48+I51+I57+I61+I65+I75+I81+I91+I94+I43+I69 -> 5992980.6 | M96: =M17+M29+M32+M40+M48+M51+M57+M61+M65+M75+M81+M91+M94+M69+M43 -> 0 | O96: =O17+O29+O32+#REF!+O40+#REF!+O48+O51+O57+O61+O65+O75+O81+O94+#REF!+#REF!+#REF!+#REF!+#REF!+#REF!+#REF! -> #REF! | P96: =IF(OR(O96<=0,O96>$I96),"ERROR","OK") -> #REF!
C99: NOTA 1: Se debe tener en cuenta que el PRECIO UNITARIO incluye el valor de A.I.U. | F99: DESCRIPCION | I99: PORCENTAJE | M99: PORCENTAJE PROPUESTO | O99: PORCENTAJE PROPUESTO CORREGIDO | P99: VERIFICACIÓN
C100: NOTA 2: Cuando la fracción decimal del peso sea igual o superior a 5 se aproximara por exceso al número entero siguiente del peso y cuando la fracción decimal del peso sea inferior a 5 se aproximará por defecto al número entero del peso. | F100: ADMINISTRACIÓN | H100: A= | I100: 0.3178 | O100: =M100 -> 0 | P100: =IF(OR(O100<=0,O100>$I103),"ERROR","OK") -> ERROR
C101: NOTA 3: El A.I.U y su discriminación deben estar en porcentaje (%). | F101: IMPREVISTO | H101: I= | I101: 0.01 | O101: =M101 -> 0 | P101: =IF(OR(O101<=0,O101>$I103),"ERROR","OK") -> ERROR
F102: UTILIDAD | H102: U= | I102: 0.04 | O102: =M102 -> 0 | P102: =IF(OR(O102<=0,O102>$I103),"ERROR","OK") -> ERROR
F103: TOTAL A.I.U | H103: A.I.U.= | I103: =I100+I101+I102 -> 0.3678 | M103: =SUM(M100:M102) -> 0 | O103: =SUM(O100:O102) -> 0 | P103: =IF(OR(O103<=0,$I103,COUNTIF(P100:P102,"ERROR")>0),"ERROR","OK") -> ERROR
C106: EL VALOR DEL CONTRATO SERA EL VALOR DEL PRESUPUESTO OFICIAL DE LA ENTIDAD
M109: =M9 -> 0
M110: NOMBRE DEL PROPONENTE

Sheet Hoja1
A1: 10627-1 | B1: ACOMETIDA 3 X 1/0 | C1: ML | D1: 127487.97
A2: 15852 | B2: Cinta LED en perfil para exteriores IP65 por metro lineal COMETAS | C2: UN | D2: 322244.98
A3: 10469 | B3: PATCH CORD CAT- 6 (3 FT) (1 METRO) - CEFE COMETAS apantallami.utp y clasif Lszh (Sumin+Instalac) | C3: UN | D3: 22874.54
A4: 19202 | B4: Válvula Mariposa PVC Ø4" - Suministro e Instalación | C4: UN | D4: 622337.23
A5: 18436 | B5: (BL2) -Luminaria Bolardo Exterior corto LED 10.8W | C5: UN | D5: 66140.5
A6: 18149 | B6: (BRANCH 2 - CONEXIÓN DE UNIDADES INTERIORES LIQ - GAS.Cefe Cometas(Sumin+instalación) | C6: UN | D6: 208411.05
A7: 18391 | B7: (CR1)-Accesorio Esquinero de 90grados+difusor | C7: UN | D7: 66140.5
A8: 18400 | B8: (CR2)-Accesorio Esquinero de 90grados+difusor Lumi | C8: UN | D8: 66140.5
A9: 18395 | B9: (DL1) - Luminaria tipo Downlight redondo LED 7.9W | C9: UN | D9: 59907.62
A10: 18398 | B10: (DL2) - Luminaria tipo Decorativa esferica con bom | C10: UN | D10: 88657.76
A11: 18388 | B11: (DL3) Luminaria tipo cilindro PCB FORTIMO12W 4000K | C11: UN | D11: 72435.62
A12: 18402 | B12: (DRX150)1-Driver de ULP150 para LED150W de 6.3Amp | C12: UN | D12: 59907.62
A13: 18403 | B13: (DRX240) Driver de ULP150 para LED 240W de 6.3Amp | C13: UN | D13: 59907.62
... A301: 9005 | B301: Acometida BT 3#4/0+1#2/0+1#2T AWG Fontanar NO USAR | C301: ML | D301: 0
A302: 10626-1 | B302: ACOMETIDA BT 3X2 ALUMINIO | C302: ML | D302: 23213.82
A303: 15675 | B303: Acometida BT en Aluminio 3#1/0 +1#1/0 | C303: ML | D303: 44517.83
A304: 15673 | B304: Acometida BT en Aluminio 3#2 +1#2 | C304: ML | D304: 27421.81
A305: 16774 | B305: Acometida BT en Aluminio 3#2 +1#2 SERIE 8.000 | C305: ML | D305: 10589.85
A306: 15671 | B306: Acometida BT en Aluminio 3#4 +1#4 | C306: ML | D306: 24221.91
A307: 15301 | B307: Acometida cable AL 2#4 AWG THHN AP | C307: ML | D307: 14228.93
A308: 16716 | B308: Acometida Cable Aluminio 25mm2(Transf. a Equipo) | C308: ML | D308: 9458.41
A309: 16301 | B309: Acometida Cable Multifilar #6 | C309: UN | D309: 151402.45
A310: 18010 | B310: ACOMETIDA CONTROL REFRIGERANTE VARIABLE | C310: ML | D310: 38547.77
A311: 15732 | B311: Acometida de MT. Transformador, alumbrado publico | C311: ML | D311: 39474.93
A312: 19006 | B312: ACOMETIDA ELECTRICA POTENCIA CONTROL CEFE COMETAS | C312: ML | D312: 92628.2
A313: 11638 | B313: Acometida en 3Nº6 +1 Nº 8 + 1 Nº 8 T | C313: ML | D313: 45000.85
A314: 16805 | B314: Acometida en 3Nº6 +1 Nº 8 + 1 Nº 8 T | C314: ML | D314: 46877.69
... A1237: 839 | B1237: BASE GRAVA RECEBO Compac. Mec. | C1237: M3 | D1237: 140790.49
A1238: 10657-1 | B1238: BASE MDC1 COMPACTO ESPESOR 5.0 Cm PARA RECONSTRUCCION DE PAVIMENTO | C1238: UN | D1238: 58234.4
A1239: 778 | B1239: BASE MURO CERRAMIENTO EN LADRILLO H=0.60 | C1239: ML | D1239: 24932.46
A1240: 13828 | B1240: BASE PARRILLA REFLECTORES-TORRES CAMPIN(S/DISEÑ) | C1240: UN | D1240: 24131239
A1241: 67 | B1241: BASE PLACA CONCRETO POBRE | C1241: M3 | D1241: 591535.31
A1242: 12524 | B1242: BASE PLACA CONCRETO POBRE(2000psi) | C1242: M3 | D1242: 601405.65
A1243: 12497 | B1243: Base placa e=0.03 Concr. Pobre 2000psi** | C1243: M2 | D1243: 19916.39
A1244: 742 | B1244: BASE PLACA e=0.05 Concr. Pobre (1,500 psi) | C1244: M2 | D1244: 26555.33
A1245: 11376 | B1245: Base placa e=0.05 Concr. Pobre 2000psi** | C1245: M2 | D1245: 28743.87
A1246: 11640 | B1246: Base placa e=0.05 Concr. Pobre 2500psi** | C1246: M2 | D1246: 28981.17
A1247: 11780 | B1247: Base plana para punta 5/8" en cobre | C1247: UN | D1247: 3176.95
A1248: 14313 | B1248: Base Plastica Parasol (suministro) | C1248: UN | D1248: 0
A1249: 68 | B1249: BASE RECEBO SUBBASE COMPACTACION Mec. | C1249: M3 | D1249: 91966.95
A1250: 838 | B1250: BASE TIERRA CEMENTO Compac.Mec | C1250: M3 | D1250: 320358.42
... A5476: 13483 | B5476: LOSETA CONCRETO 0.25X0.25M (SUM+INST) SIN ESTRUCT | C5476: UN | D5476: 9972.16
A5477: 10628-1 | B5477: LOSETA CONCRETO TIPO IDU A-56 (INCLUYE DE ARENA) | C5477: ML | D5477: 38374.65
A5478: 16542 | B5478: LOSETA CONCRETO-REFORZADO CON MALLA 65X65 | C5478: UN | D5478: 62815.52
A5479: 13518 | B5479: Loseta IDU 0.25x0.25m (Sin estruct.) Sum+Inst* | C5479: M2 | D5479: 151392.36
A5480: 10559 | B5480: Loseta IDU A50 5<p<10% 4.2-1 blando geotextil | C5480: M2 | D5480: 204699.6
A5481: 10836 | B5481: Loseta IDU A50 5<p<10% 4.2-2 Medio+ geotextil | C5481: M2 | D5481: 191208.98
A5482: 10837 | B5482: Loseta IDU A50 5<p<10% 4.2-3 Duro geoPAVC ** | C5482: M2 | D5482: 184058.27
A5483: 11721 | B5483: Loseta IDU A50 p<5% geoPAVCO (Fontanar)** | C5483: M2 | D5483: 243786.76
A5484: 10216 | B5484: Loseta IDU A50 p<5% 4.2-1 blando + geotextil | C5484: M2 | D5484: 190053.49
A5485: 10387 | B5485: Loseta IDU A50 p<5% 5.3-1 blando LAFAYETT** | C5485: M2 | D5485: 190745.89
A5486: 10840 | B5486: Loseta IDU A50 p<5% 5.3-2 Medio LAFAYETT** | C5486: M2 | D5486: 179838.86
A5487: 10841 | B5487: Loseta IDU A50 p<5% 5.3-3 Duro LAFAYETT** | C5487: M2 | D5487: 170873.96
A5488: 10638 | B5488: Loseta IDU A50 +0.25 receb B400 (Sum+Inst )** | C5488: M2 | D5488: 156354.5
A5489: 10558 | B5489: Loseta IDU A50 p<5% 5.3-1+Afirmado LAFAYETT** | C5489: M2 | D5489: 201936.89
... A5523: 14963 | B5523: LUMINARIA AUTONOMA EMERGENCIA(2 BOMB+BATER)120/220 | C5523: UN | D5523: 101252.09
A5524: 10633-1 | B5524: LUMINARIA BUXUS 200 25° NW 300W 200LEDS (SUM+INSTAL) | C5524: UN | D5524: 4356527
A5525: 10634-1 | B5525: LUMINARIA BUXUS 200 40° NW 300W 200LEDS (SUM+INSTAL) | C5525: UN | D5525: 4356527
A5526: 11799 | B5526: LUMINARIA CUADRUM 8X54 W T5 + 4X50 CO8013G O SUPER | C5526: UN | D5526: 26114.57
A5527: 11798 | B5527: LUMINARIA DE PISO 150 W-208 V MH REF OU30126-G12 | C5527: UN | D5527: 19231.17
A5528: 18876 | B5528: LUMINARIA DE TECNOLOGIA LED UNDERGROUND DE SYLVANI | C5528: UN | D5528: 219858.72
A5529: 14683 | B5529: LUMINARIA EXTER.JARDINTIP-POSTE/H=1.10MTABACO 60W | C5529: ML | D5529: 255836.52
A5530: 14942 | B5530: Luminaria Fluoresc.(2 x 32w)Sobrep.Semiespec-16Cel | C5530: UN | D5530: 40982.2
A5531: 15206 | B5531: LUMINARIA FLUORESCENTE (1.27X0.14M)2X32W HERMETICA | C5531: UN | D5531: 43507.23
A5532: 13089 | B5532: LUMINARIA FLUORESCENTE T5 2X28 W** | C5532: UN | D5532: 73961.39
A5533: 12190 | B5533: LUMINARIA FLUORESCENTE T5 2X54 W IP 65 120 V** | C5533: UN | D5533: 82421
A5534: 14626 | B5534: LUMINARIA FORZA MH+TUB.CONDUIT+ALAMBRE+BRAZO+ACCES | C5534: UN | D5534: 136529.37
A5535: 13578 | B5535: Luminaria GAMMA 2 x 32w+Andamio(Sum+Instalación) | C5535: UN | D5535: 48854.07
A5536: 10874 | B5536: Luminaria GAMMA 2 x 32w+grua+Brazo+Cable (Sum+Inst | C5536: UN | D5536: 198585.02
A5537: 11801 | B5537: LUMINARIA HERMÉTICA FLUORESC IP65 2X54 T5 PROFFIT | C5537: UN | D5537: 26114.57
... A5541: 15725 | B5541: Luminaria LED 250W-350 Ma -Tipo Codensa (sum+Inst) | C5541: UN | D5541: 983416.27
A5542: 10630-1 | B5542: LUMINARIA LED 39W SLCS SW07 (SUM+INSTAL) | C5542: UN | D5542: 1223400
A5543: 10629-1 | B5543: LUMINARIA LED 39W SLCS V14 (SUM+INSTAL) | C5543: UN | D5543: 1223400
A5544: 15727 | B5544: Luminaria LED 450W -1000mA -Tipo Codensa (Sum+Inst | C5544: UN | D5544: 5184438.7
A5545: 10631-1 | B5545: LUMINARIA LED 66W SLCS V14 (SUM+INSTAL) | C5545: UN | D5545: 1223400
A5546: 15723 | B5546: Luminaria LED 80W - 530mA Tipo Codensa (Sum+Inst) | C5546: UN | D5546: 977062.27
A5547: 15631 | B5547: Luminaria LED bañador-Pared 9W 1420 lm CRDC-Cometa | C5547: UN | D5547: 361291.63
A5548: 16317 | B5548: Luminaria Led Continuum (64W) 3.000k(2.4x0.0mx0.8m | C5548: UN | D5548: 725555.23
A5549: 16527 | B5549: Luminaria Led Continuum 40W Tipo P24868 | C5549: UN | D5549: 45625.19
A5550: 16525 | B5550: Luminaria Led Herme2X18 T8 DL 120V P36667 techo | C5550: UN | D5550: 106582.19
A5551: 16314 | B5551: Luminaria Led Hermet(40W)Sobrep.Techo (7X11X120CM) | C5551: UN | D5551: 113232.2
A5552: 18958 | B5552: LUMINARIA LED HERMETICA 36 W 2520 lm CEFE COMETAS | C5552: UN | D5552: 98382.17
A5553: 19219 | B5553: LUMINARIA LED HIGHBAY 165W 19140lm CEFE COMETAS | C5553: UN | D5553: 552176.07
A5554: 15626 | B5554: Luminaria LED lineal cuadrada 50 W 4150 lm CRDC | C5554: UN | D5554: 574098.78
A5555: 18866 | B5555: luminaria LED para piscinas IntelliBrite 5G, 55W | C5555: UN | D5555: 154196.95
A5556: 18863 | B5556: LUMINARÍA LED SPOT TRACK, 25W, 100-277V, 2200Lm | C5556: UN | D5556: 95396.73
A5557: 16315 | B5557: Luminaria Lineal Led Driver (64W) -8x8cm L=2.40m | C5557: UN | D5557: 43507.23
... A5568: 16444 | B5568: Luminaria RALED III - 64 LEDS - 143W - Sendero (sum+Inst) | C5568: UN | D5568: 983416.27
A5569: 10632-1 | B5569: LUMINARIA S1MB D3 FW NW 154W 64LEDS (SUM+INSTAL) | C5569: UN | D5569: 1708727
A5570: 10635-1 | B5570: LUMINARIA SLCS SW07 NW 52W 24LEDS (SUM+INSTAL) | C5570: UN | D5570: 1223400
A5571: 14991 | B5571: Luminaria sobrep 2x32 Emerg doble balasto+bat | C5571: UN | D5571: 42359.39
A5572: 14334 | B5572: LUMINARIA SODIO 1.000W (sum+instal) | C5572: UN | D5572: 259376.9
A5573: 15308 | B5573: Luminaria Sodio 150W Tipo Codensa (Sum+Instal) | C5573: UN | D5573: 645033.18
A5574: 1018 | B5574: LUMINARIA SODIO 400W (sum+instal) NO USAR | C5574: UN | D5574: 259376.9
A5575: 15309 | B5575: Luminaria Sodio 400W Tipo Codensa (sum+instal) | C5575: UN | D5575: 809899.9
A5576: 15307 | B5576: Luminaria Sodio 70W Tipo Codensa (Sum+Instal) ** | C5576: UN | D5576: 489395.9
A5577: 16313 | B5577: Luminaria Teceo-2-(96 Leds)22.400Lm;700mA;+Fotoc | C5577: UN | D5577: 204932.99
A5578: 16292 | B5578: Luminaria128LED 279W-700mA -34600LmTipoCoden Sum+I | C5578: UN | D5578: 262455.27
A5579: 16294 | B5579: Luminaria128LED279W-1000mA -45700LmTipoCoden Sum+I | C5579: UN | D5579: 345090.27
A5580: 16291 | B5580: Luminaria72 RALED III 175W-700 mA-19800Lm Sumin+Inst | C5580: UN | D5580: 4212894.3
...
